[Event "Team 45 45 League T60"]
[Site "Internet Chess Club"]
[Date "2014.04.18"]
[Round "8"]
[White "RD1974"]
[Black "Packerfan"]
[Result "0-1"]
[WhiteElo "1652"]
[BlackElo "1794"]
[Opening "Two knights defense (Modern bishop's opening)"]
[ECO "C55"]
[Time "16:00:16"]
[TimeControl "2700+45"]

1. e4 e5 2. Nf3 Nc6 3. Bc4 Nf6 4. d3 Be7 5. c3 O-O 6. Nbd2 d6 7. h3 a6 8. Bb3
Be6 9. Bc2 h6 10. Nf1 Nh7 11. Ng3 Ng5 12. O-O Na7 13. d4 exd4 14. Nxd4 Bd7 15.
Qh5 Nc6 16. Ndf5 Be8 17. Nxh6+ gxh6 18. e5 f5 19. Qxh6 Rf7 20. Bxf5 dxe5 21.
Bxg5 Bxg5 22. Qg6+ Rg7 23. Be6+ Kh8 24. Qe4 Bg6 25. Qe2 Qf6 26. Bd5 Rd8 27. Bxc6
bxc6 28. Qxa6 Bd3 29. Qa4 Bxf1 30. Rxf1 Qg6 31. Kh2 Bf4 32. Rg1 Rd2 33. Qa7 Rxb2
34. Kh1 Bxg3 35. fxg3 Qxg3 36. Qa8+ Kh7 37. Qxc6 Rxa2 38. Qe4+ Kh6 39. Qc6+ Rg6
40. Qd5 Re2 41. c4 e4 42. Qa8 Kg7 43. Qe8 Rxg2 44. Qe7+ Kh6 45. Qf8+ Kh5 46.
Qf5+ Kh6 47. Qf8+ Rg7 48. Qh8+ Rh7 49. Qf6+ Qg6 50. Qh4+ Qh5 51. Qxh5+ Kxh5 52.
Rxg2 e3 53. Re2 Re7 54. Kh2 Kh4 55. c5 Re5 56. c6 Re4 57. Kg2 Re6 58. Kh2 Rxc6
59. Rxe3 Rc2+ 60. Kh1 c5 61. Kg1 c4 62. Kf1 Kg5 63. Ke1 Kf4 64. Ra3 Ke4 65. Kd1
Rh2 66. Rg3 Kd4 67. Rf3 c3 68. Rg3 Kc4 69. Kc1 Kb3 70. Rg1 Ra2 71. Kd1 Ra1+ 72.
Ke2 Rxg1 73. Kf2 Rh1 74. Kg3 Rxh3+ 75. Kxh3 c2 {White resigns} 0-1

[Event "Team 45 45 League T60"]
[Site "Internet Chess Club"]
[Date "2014.04.17"]
[Round "8"]
[White "tryanything"]
[Black "noblitz-oblige"]
[Result "1/2-1/2"]
[WhiteElo "1621"]
[BlackElo "1616"]
[Opening "Scotch gambit: Benima defense"]
[ECO "C44"]
[Time "20:06:49"]
[TimeControl "2700+45"]

1. e4 e5 2. Nf3 Nc6 3. d4 exd4 4. Bc4 Be7 5. O-O d6 6. Nxd4 Ne5 7. Bb3 Nf6 8.
Re1 O-O 9. Nf5 c6 10. Nxe7+ Qxe7 11. Bg5 h6 12. Bh4 Ng6 13. Bg3 Rd8 14. Nc3 Be6
15. Qe2 h5 16. Bxd6 Qxd6 17. e5 Nxe5 18. Qxe5 Bxb3 19. axb3 Qd2 20. Qe2 Qg5 21.
Rad1 Rxd1 22. Rxd1 Re8 23. Qd3 Qf4 24. h3 Qc7 25. Qf3 Qe5 {Game drawn by mutual
agreement} 1/2-1/2

[Event "Team 45 45 League T60"]
[Site "Internet Chess Club"]
[Date "2014.04.21"]
[Round "8"]
[White "TimeCo"]
[Black "clarinetref"]
[Result "0-1"]
[WhiteElo "1394"]
[BlackElo "1579"]
[Opening "Sicilian: Najdorf"]
[ECO "B90"]
[Time "10:05:46"]
[TimeControl "2700+45"]

1. e4 c5 2. Nf3 d6 3. d4 cxd4 4. Nxd4 Nf6 5. Nc3 a6 6. Bd3 e5 7. Nde2 d5 8. Bg5
Be6 9. Nxd5 Bxd5 10. Bxf6 gxf6 11. exd5 Qxd5 12. O-O Rg8 13. f3 Bc5+ 14. Kh1 Qe6
15. Ng3 Rg5 16. Ne4 Nd7 17. Nxg5 fxg5 18. g4 O-O-O 19. Bxh7 Kb8 20. Be4 Rh8 21.
Kg2 Nb6 22. b3 Qh6 23. h4 gxh4 24. Kh3 Qf4 25. Rg1 Bxg1 26. Qxg1 Nd7 27. Qh2
Qxh2+ 28. Kxh2 Nc5 29. Rf1 Ne6 30. Rd1 Kc7 31. Rd5 f6 32. Bf5 Ng5 33. Rd7+ Kc6
34. Rd3 Nf7 35. Be4+ Kc7 36. Rc3+ Kb6 37. Rc4 Nd6 38. Rc3 h3 39. Rd3 Nb5 40. a4
Nd4 41. c3 Nxb3 42. Rd6+ Ka5 43. Rxf6 Nc5 44. Rf5 Kxa4 45. Rxe5 Nxe4 46. Rxe4+
Kb3 47. Rb4+ Kxc3 48. Rxb7 a5 49. Ra7 Kb4 50. g5 a4 51. g6 Rg8 52. Ra6 a3 53. f4
Kb3 54. f5 a2 55. f6 Rxg6 56. Kxh3 Rxf6 57. Rxf6 a1=Q 58. Rf3+ Kc4 59. Rf4+ Kd5
60. Kg4 Qg1+ 61. Kf5 {White resigns} 0-1

[Event "Team 45 45 League T60"]
[Site "Internet Chess Club"]
[Date "2014.04.21"]
[Round "8"]
[White "anna"]
[Black "backrankbrawler"]
[Result "0-1"]
[WhiteElo "1797"]
[BlackElo "1829"]
[Opening "Two knights defense (Modern bishop's opening)"]
[ECO "C55"]
[Time "12:30:06"]
[TimeControl "2700+45"]

1. e4 e5 2. Nf3 Nc6 3. Bc4 Nf6 4. d3 Be7 5. O-O O-O 6. Nc3 d6 7. h3 h6 8. Be3
Na5 9. Bb3 c5 10. Nd5 Be6 11. Nxf6+ Bxf6 12. Bxe6 fxe6 13. c3 Qe7 14. Qe2 Rad8
15. d4 exd4 16. cxd4 e5 17. dxc5 dxc5 18. Rac1 b6 19. Rfd1 Nc6 20. Qc4+ Kh8 21.
Nd2 Nd4 22. a4 Bg5 23. Nf1 Qf6 24. f3 Qg6 25. Kh1 Qh5 26. Bxg5 Qxg5 27. Nh2 Qg3
28. Qf1 Rd7 29. Rd3 Rfd8 30. Re3 Ne6 31. Re2 Nf4 32. Rec2 Rd2 {White resigns}
0-1

[Event "Team 45 45 League T60"]
[Site "Internet Chess Club"]
[Date "2014.04.20"]
[Round "8"]
[White "amicusUK"]
[Black "ausya"]
[Result "0-1"]
[WhiteElo "1676"]
[BlackElo "1852"]
[Opening "King's Indian: East Indian defense"]
[ECO "A48"]
[Time "14:00:12"]
[TimeControl "2700+45"]

1. d4 Nf6 2. Nf3 g6 3. e3 Bg7 4. Be2 O-O 5. O-O d6 6. c4 Nbd7 7. Nc3 e5 8. b4
Re8 9. Qc2 c5 10. bxc5 exd4 11. exd4 dxc5 12. d5 Ne4 13. Bb2 Nxc3 14. Bxc3 Bxc3
15. Qxc3 Rxe2 16. Rfe1 Rxe1+ 17. Rxe1 Nf6 18. Qd2 b5 19. cxb5 Qxd5 20. Re8+ Kg7
21. Qc3 Bd7 22. Re5 Qxa2 23. Re7 Re8 24. Rxd7 Qb1+ {White resigns} 0-1

[Event "Team 45 45 League T60"]
[Site "Internet Chess Club"]
[Date "2014.04.18"]
[Round "8"]
[White "vjbaker"]
[Black "losscause"]
[Result "1-0"]
[WhiteElo "1715"]
[BlackElo "1579"]
[Opening "Caro-Kann: Steinitz variation"]
[ECO "B17"]
[Time "19:04:01"]
[TimeControl "2700+45"]

1. e4 c6 2. d4 d5 3. Nc3 dxe4 4. Nxe4 Nd7 5. Bc4 Ngf6 6. Ng5 e6 7. Ne2 Bd6 8. h3
Qc7 9. c3 b5 10. Bd3 a5 11. O-O h6 12. Ne4 Nxe4 13. Bxe4 Nf6 14. Bc2 Bb7 15. Qd3
Ba6 16. Be3 c5 17. dxc5 Bxc5 18. Bxc5 Qxc5 19. Qf3 O-O 20. b3 Rad8 21. Rad1 Qc7
22. Nd4 Rd5 23. Rd2 Rfd8 24. Rfd1 Qd6 25. Bd3 Qc5 26. Bb1 Kh8 27. Qe3 e5 28. Nf3
Qxe3 29. fxe3 Rxd2 30. Rxd2 Rxd2 31. Nxd2 Bb7 32. Kf2 g5 33. a3 Nd7 34. b4 axb4
35. cxb4 Kg7 36. Bd3 Bc6 37. Nb1 e4 38. Be2 Ne5 39. Nc3 Nd3+ 40. Bxd3 exd3 41.
g3 f5 42. Ke1 Kf7 43. Kd2 Be4 44. Nxb5 Ke7 45. Nc3 Bg2 46. h4 gxh4 47. gxh4 Kd7
48. Kxd3 Bc6 49. Kd4 Kd6 50. a4 Bb7 51. a5 Ke6 52. b5 Kd6 53. a6 Ba8 54. Na4 Kc7
55. b6+ Kc6 56. b7 Bxb7 57. axb7 Kxb7 58. Ke5 {Black resigns} 1-0

[Event "Team 45 45 League T60"]
[Site "Internet Chess Club"]
[Date "2014.04.20"]
[Round "8"]
[White "JeffH"]
[Black "JasonModer"]
[Result "1-0"]
[WhiteElo "1682"]
[BlackElo "1769"]
[Opening "Réti: King's Indian attack, French variation"]
[ECO "B40"]
[Time "10:00:08"]
[TimeControl "2700+45"]

1. e4 c5 2. Nf3 e6 3. d3 Nc6 4. g3 Nf6 5. Bg2 Be7 6. O-O O-O 7. Nbd2 d5 8. Re1
b6 9. c3 Bb7 10. Qc2 Rc8 11. Nf1 d4 12. c4 Qc7 13. a3 a6 14. b3 Rfd8 15. Rb1 h6
16. Bb2 b5 17. Rec1 b4 18. a4 a5 19. Qe2 Bf8 20. Re1 e5 21. Bh3 Rb8 22. Bc1 g6
23. Nh4 Bc8 24. Bxc8 Qxc8 25. Qf3 Nh7 26. Ng2 Bg7 27. Qe2 Rf8 28. f4 h5 29. Nh4
exf4 30. Bxf4 Be5 31. Bh6 Bg7 32. Bf4 Ne5 33. Nd2 Rb7 34. Ndf3 Nxf3+ 35. Nxf3 f6
36. e5 g5 37. Bd2 g4 38. Nh4 fxe5 39. Qe4 Rbf7 40. Qd5 Rd8 41. Qe4 Re8 42. Rf1
Ref8 43. Qd5 Qc7 44. Ng6 Rd8 45. Rxf7 Qxf7 46. Qxd8+ Nf8 47. Nxf8 Bxf8 48. Qd5
Qxd5 49. cxd5 Kf7 50. Rf1+ Ke8 51. Rxf8+ Kxf8 52. Bg5 Ke8 53. d6 Kd7 54. Be7 c4
55. dxc4 d3 56. Kf2 e4 57. Ke3 Ke6 58. c5 Kd7 59. Bg5 Kc6 60. Kxe4 d2 61. Bxd2
Kd7 62. Ke5 h4 63. gxh4 g3 64. hxg3 Kc6 65. h5 Kd7 66. h6 Kc6 67. h7 Kd7 68.
h8=Q Kc6 69. g4 Kd7 70. g5 Kc6 71. g6 Kd7 72. g7 Kc6 73. g8=Q Kb7 74. Qd5+ Ka6
75. Qha8# {Black checkmated} 1-0

[Event "Team 45 45 League T60"]
[Site "Internet Chess Club"]
[Date "2014.04.21"]
[Round "8"]
[White "portis2"]
[Black "Betablinx"]
[Result "0-1"]
[WhiteElo "1668"]
[BlackElo "1870"]
[Opening "Queen's Indian: Nimzovich variation (exaggerated fianchetto)"]
[ECO "E15"]
[Time "14:00:06"]
[TimeControl "2700+45"]

1. d4 Nf6 2. c4 e6 3. Nf3 b6 4. g3 Ba6 5. Bg2 Bxc4 6. Ne5 Bd5 7. Bxd5 Nxd5 8. e4
Bb4+ 9. Kf1 Nf6 10. Qf3 O-O 11. a3 Be7 12. Nc3 d6 13. Nd3 Nbd7 14. Bf4 Ne8 15.
Nb4 Nb8 16. e5 d5 17. Qg4 c5 18. Nc2 Nc6 19. Rd1 cxd4 20. Nxd4 Nxd4 21. Rxd4 Bc5
22. Rd2 a5 23. Kg2 Qe7 24. h4 f6 25. Re1 f5 26. Qf3 Nc7 27. Qd3 h6 28. Rh1 g5
29. hxg5 hxg5 30. Be3 Kg7 31. Rh5 Bxe3 32. Qxe3 Kg6 33. g4 fxg4 34. Rh1 Qc5 35.
Qd3+ Rf5 36. Qg3 Raf8 37. Na4 Qc4 38. Qh2 Kf7 39. Qh7+ Ke8 40. Nxb6 Qc6 41. Rc1
Qxb6 42. Qxc7 Rxf2+ 43. Rxf2 Qxf2+ 44. Kh1 Rh8+ {White resigns} 0-1

[Event "Team 45 45 League T60"]
[Site "Internet Chess Club"]
[Date "2014.04.19"]
[Round "8"]
[White "crazyhorses"]
[Black "Schachteufel"]
[Result "0-1"]
[WhiteElo "1411"]
[BlackElo "1654"]
[Opening "Ruy Lopez: closed, Pilnik variation"]
[ECO "C88"]
[Time "10:00:28"]
[TimeControl "2700+45"]

1. e4 e5 2. Nf3 Nc6 3. Bb5 a6 4. Ba4 Nf6 5. O-O Be7 6. Re1 b5 7. Bb3 O-O 8. d3
d6 9. c3 Na5 10. Bc2 c5 11. Nbd2 Qc7 12. Nf1 Re8 13. Ng3 Nc6 14. Nf5 Bxf5 15.
exf5 d5 16. d4 cxd4 17. cxd4 e4 18. Nh4 Nxd4 19. Qxd4 Qxc2 20. Be3 Qc8 21. Rac1
Qd7 22. g3 Ng4 23. Ng2 Qxf5 24. Bf4 Qh5 25. h4 Bf6 26. Qc5 Bxb2 27. Rc2 Bf6 28.
Bc1 Ne5 29. Nf4 Qg4 30. Nxd5 Nf3+ 31. Kf1 Nxe1 32. Nxf6+ gxf6 33. Kxe1 Rac8 34.
Qe7 Rxe7 {White resigns} 0-1

[Event "Team 45 45 League T60"]
[Site "Internet Chess Club"]
[Date "2014.04.18"]
[Round "8"]
[White "edwspin"]
[Black "caglar"]
[Result "0-1"]
[WhiteElo "1559"]
[BlackElo "1614"]
[Opening "Réti: King's Indian attack, Yugoslav variation"]
[ECO "A07"]
[Time "14:00:31"]
[TimeControl "2700+45"]

1. Nf3 d5 2. g3 Nf6 3. Bg2 c6 4. O-O Bg4 5. h3 Bxf3 6. exf3 e5 7. d3 Nbd7 8. a3
a5 9. b3 Bc5 10. Bb2 O-O 11. Qd2 Re8 12. Nc3 Nh5 13. Ne2 f5 14. c3 f4 15. d4 Bd6
16. dxe5 Rxe5 17. c4 Rg5 18. g4 Ne5 19. Nd4 Qd7 20. cxd5 cxd5 21. Rad1 Nf6 22.
Qxf4 h6 23. Nf5 Nf7 24. Nxd6 Qxd6 25. Qd2 Rd8 26. Rfe1 h5 27. f4 Rg6 28. g5 Qd7
29. Re3 Qf5 30. Rde1 Ne4 31. Qd4 Nfxg5 32. Qe5 Nxh3+ 33. Kh2 Qg4 34. Bxe4 dxe4
35. Rg3 Qh4 36. Rxg6 Ng5+ 37. Kg1 Nf3+ 38. Kg2 Qh2+ 39. Kf1 Qh1+ 40. Rg1 Qxg1+
41. Ke2 Qxe1# {White checkmated} 0-1

[Event "Team 45 45 League T60"]
[Site "Internet Chess Club"]
[Date "2014.04.20"]
[Round "8"]
[White "kingphisch"]
[Black "isolani"]
[Result "1/2-1/2"]
[WhiteElo "1525"]
[BlackElo "1629"]
[Opening "Pirc defense"]
[ECO "B07"]
[Time "17:00:44"]
[TimeControl "2700+45"]

1. e4 d6 2. d4 Nf6 3. Bd3 c6 4. Nc3 e5 5. Be3 Ng4 6. Nf3 Nxe3 7. fxe3 Bg4 8. Qd2
Nd7 9. O-O-O Be7 10. h3 Bh5 11. Rdf1 Bxf3 12. gxf3 Qc7 13. Qg2 Bf6 14. d5 Nc5
15. Be2 O-O-O 16. Kb1 Qa5 17. Bd1 Na4 18. Nxa4 Qxa4 19. Qd2 Qa6 20. Be2 Qb6 21.
Rhg1 Kb8 22. c4 h6 23. f4 cxd5 24. cxd5 Rc8 25. Rc1 Rxc1+ 26. Rxc1 Rc8 27. Rxc8+
Kxc8 28. Bg4+ Kd8 29. Qc2 Qc7 {Game drawn by mutual agreement} 1/2-1/2

[Event "Team 45 45 League T60"]
[Site "Internet Chess Club"]
[Date "2014.04.16"]
[Round "8"]
[White "Bryant-L"]
[Black "Littlemon"]
[Result "1-0"]
[WhiteElo "1671"]
[BlackElo "1493"]
[Opening "KGD: classical variation"]
[ECO "C30"]
[Time "17:30:10"]
[TimeControl "2700+45"]

1. e4 e5 2. f4 Bc5 3. Nf3 d6 4. Nc3 Nc6 5. d3 Be6 6. Na4 Bb6 7. Nxb6 axb6 8. Be3
exf4 9. Bxf4 Qf6 10. Qc1 h6 11. a3 Nge7 12. c3 Ng6 13. Be3 Bg4 14. Be2 O-O 15.
O-O Qd8 16. h3 Bd7 17. Qc2 Nce5 18. d4 Nxf3+ 19. Rxf3 Re8 20. Bc4 Be6 21. d5 Bd7
22. Bd4 Qe7 23. Raf1 Rf8 24. Bd3 Ne5 25. Bxe5 Qxe5 26. Qf2 Qe7 27. Qg3 Qe5 28.
Qxe5 dxe5 29. Bc4 Ra4 30. Bb3 Raa8 31. d6 cxd6 32. Rxf7 Rxf7 33. Rxf7 Bc6 34.
Rxb7+ Kh8 35. Rxb6 Bxe4 36. Rxd6 Bb1 37. Rd1 Bg6 38. Bd5 Rb8 39. b4 e4 40. Kf2
Rc8 41. c4 Bh5 42. Re1 Rf8+ 43. Ke3 Bg6 44. a4 Rb8 45. b5 Bh5 46. a5 {Black
resigns} 1-0

[Event "Team 45 45 League T60"]
[Site "Internet Chess Club"]
[Date "2014.04.20"]
[Round "8"]
[White "Nxs123"]
[Black "QuimCatala"]
[Result "1-0"]
[WhiteElo "1616"]
[BlackElo "1330"]
[Opening "Sicilian: Alapin's variation (2.c3)"]
[ECO "B22"]
[Time "16:00:46"]
[TimeControl "2700+45"]

1. e4 c5 2. c3 Nc6 3. Nf3 e5 4. Bc4 h6 5. d4 cxd4 6. cxd4 exd4 7. Nxd4 Nf6 8.
Nxc6 bxc6 9. Nc3 Bb4 10. Qb3 Bxc3+ 11. Qxc3 d5 12. exd5 cxd5 13. Bb5+ Bd7 14.
Qe3+ Ne4 15. Bxd7+ Kxd7 16. O-O Re8 17. Rd1 Nf6 18. Qc3 Rc8 19. Qa3 Qc7 20. Be3
a5 21. Rac1 Qd8 22. Rxc8 Kxc8 23. Qc5+ Qc7 24. Rc1 Qxc5 25. Rxc5+ Kd7 26. Rxa5
d4 27. Bd2 Re2 28. Bb4 Rxb2 29. Ra7+ Ke6 30. Re7+ Kd5 31. a3 Ne4 32. h3 Rxf2 33.
Rd7+ Kc4 34. Re7 Re2 35. Rxf7 g5 36. Rh7 d3 37. Rd7 Re3 38. Rc7+ Kb3 39. Rd7 Nc3
40. Bxc3 Kxc3 41. Kf2 Re2+ 42. Kf1 Kc2 43. a4 Re4 44. a5 Ra4 45. Rd5 d2 46. Ke2
Re4+ 47. Kf3 Re6 48. Rc5+ Kd3 49. Rd5+ Kc2 50. Rc5+ Kd1 51. Kf2 Rf6+ 52. Kg1 Re6
53. Kf2 Rf6+ 54. Kg1 Ke1 55. Re5+ Kd1 56. Rc5 Ke2 57. Re5+ Kd3 58. Rd5+ Kc2 59.
Rc5+ Kb3 60. Rd5 Kc2 61. Rc5+ Kd3 62. Rd5+ Kc3 63. Rd7 Ra6 64. Rc7+ Kb4 65. Rd7
Rxa5 66. Rxd2 Ra1+ 67. Kf2 Kc3 68. Rd6 h5 69. Rd5 Ra2+ 70. Kg3 h4+ 71. Kf3 Ra8
72. Rxg5 Rf8+ 73. Kg4 Rf2 74. Kxh4 Kd4 75. Kh5 Rf8 76. Rg6 Ke4 77. g4 Kf4 78. h4
Rh8+ 79. Rh6 Rg8 80. g5 Kf5 81. Rf6+ Ke5 82. Rg6 Kf5 83. Rxg8 {Black resigns}
1-0

[Event "Team 45 45 League T60"]
[Site "Internet Chess Club"]
[Date "2014.04.19"]
[Round "8"]
[White "tamky70"]
[Black "bluesun"]
[Result "0-1"]
[WhiteElo "1370"]
[BlackElo "1509"]
[Opening "King's knight's gambit"]
[ECO "C34"]
[Time "10:00:32"]
[TimeControl "2700+45"]

1. e4 e5 2. f4 exf4 3. Nf3 Nc6 4. d4 d5 5. Bd3 Bg4 6. O-O Nxd4 7. c3 Bxf3 8.
Rxf3 Nxf3+ 9. Qxf3 Qd7 10. Bxf4 O-O-O 11. Nd2 Bc5+ 12. Kh1 Nf6 13. e5 Ng4 14.
Bg3 g6 15. h3 Ne3 16. Nb3 Bb6 17. Nd4 Nc4 18. e6 fxe6 19. b3 Nd6 20. Bxd6 Qxd6
21. Nb5 Qf8 22. Qg4 Re8 23. Rf1 Qe7 24. a4 a6 25. Nd4 Kb8 26. b4 e5 27. Nb3 e4
28. Be2 Rhf8 29. a5 Rxf1+ 30. Bxf1 Qf6 31. Qe2 Ba7 32. Nc5 Bxc5 33. bxc5 Qxc3
34. Qg4 Qxc5 35. Qd7 Rf8 36. Be2 Qc1+ 37. Kh2 Qf4+ 38. Kh1 Qg3 39. Qe7 Rf2 40.
Bxa6 {White resigns} 0-1

[Event "Team 45 45 League T60"]
[Site "Internet Chess Club"]
[Date "2014.04.19"]
[Round "8"]
[White "ethan0627"]
[Black "Tribe97"]
[Result "1-0"]
[WhiteElo "1444"]
[BlackElo "1356"]
[Opening "Giuoco Pianissimo"]
[ECO "C55"]
[Time "09:15:19"]
[TimeControl "2700+45"]

1. e4 e5 2. Nf3 Nc6 3. Bc4 Nf6 4. d3 Bc5 5. O-O a6 6. a3 d6 7. h3 h6 8. Be3 Bxe3
9. fxe3 O-O 10. Nh4 d5 11. exd5 Nxd5 12. Qh5 Be6 13. Nf5 Bxf5 14. Rxf5 g6 15.
Qg4 Nxe3 16. Qxg6+ Kh8 17. Qxh6+ Kg8 18. Rg5+ Qxg5 19. Qxg5+ {Black resigns} 1-0

[Event "Team 45 45 League T60"]
[Site "Internet Chess Club"]
[Date "2014.04.19"]
[Round "8"]
[White "AdithJosh"]
[Black "losscause"]
[Result "0-1"]
[WhiteElo "1427"]
[BlackElo "1589"]
[Opening "Latvian counter-gambit"]
[ECO "C40"]
[Time "20:11:18"]
[TimeControl "2700+45"]

1. e4 e5 2. Nf3 f5 3. Nxe5 Qf6 4. d4 d6 5. Nc4 fxe4 6. Nc3 Qg6 7. Be3 Nf6 8. Qd2
Be7 9. O-O-O O-O 10. g3 Bg4 11. Re1 Bf3 12. Rg1 c6 13. Bf4 Nh5 14. Be3 Nf6 15.
Bg2 Nfd7 16. Bxf3 Rxf3 17. Bf4 d5 18. Ne3 Na6 19. Ng2 b5 20. Nh4 Bxh4 21. gxh4
Qh5 22. Bh6 g6 23. Bg5 Nf6 24. Ne2 Rxf2 25. Qd3 exd3 {White resigns} 0-1

[Event "Team 45 45 League T60"]
[Site "Internet Chess Club"]
[Date "2014.04.19"]
[Round "8"]
[White "TwinsburgOHUSA"]
[Black "Jet1234"]
[Result "0-1"]
[WhiteElo "1436"]
[BlackElo "1404"]
[Opening "Queen's pawn game"]
[ECO "A46"]
[Time "08:14:09"]
[TimeControl "2700+45"]

1. d4 Nf6 2. Nf3 e6 3. Bf4 Nc6 4. e3 Be7 5. Bd3 b6 6. Nbd2 Bb7 7. h3 O-O 8. O-O
d5 9. c3 Qd7 10. Qc2 Nh5 11. Bxh7+ Kh8 12. Ne5 Nxe5 13. Bxe5 f5 14. Qd1 Qe8 15.
g4 Nf6 16. Bxf6 Bxf6 17. Bxf5 exf5 18. Kh2 fxg4 19. Qxg4 Bc8 20. Qg3 Be7 21. f4
Qh5 22. Nf3 Rg8 23. Ng5 Bd7 24. Rae1 Raf8 25. Rf3 Bxg5 26. Ref1 Bh4 27. Qg2 Rf6
28. Rg1 g5 29. Rg3 Bxg3+ 30. Qxg3 Rfg6 31. f5 Bxf5 32. Qe5+ Kh7 33. Qxf5 Qh6 34.
Rg4 Rf8 35. Qxd5 Rf2+ 36. Kg3 Rgf6 37. Qe4+ R6f5 38. Qe7+ Kh8 39. Qe4 Qd6+ 40.
Qe5+ Kh7 41. h4 R5f3# {White checkmated} 0-1

[Event "Team 45 45 League T60"]
[Site "Internet Chess Club"]
[Date "2014.04.18"]
[Round "8"]
[White "sanjay2000"]
[Black "g8wrb"]
[Result "1-0"]
[WhiteElo "1433"]
[BlackElo "1331"]
[Opening "French: advance, Paulsen attack"]
[ECO "C02"]
[Time "10:32:41"]
[TimeControl "2700+45"]

1. e4 e6 2. d4 d5 3. e5 c5 4. c3 Nc6 5. Nf3 cxd4 6. cxd4 Bd7 7. Nc3 Bb4 8. a3
Ba5 9. b4 Bb6 10. Nb5 Bc7 11. Qc2 Rc8 12. Bd3 h6 13. O-O a6 14. Nxc7+ Rxc7 15.
Qb3 Nge7 16. b5 axb5 17. Bd2 O-O 18. Bxb5 Qa8 19. a4 Rfc8 20. a5 Na7 21. Bd3 Ng6
22. Rfb1 Bc6 23. Qb6 Ne7 24. a6 bxa6 25. Bxa6 Bb7 26. Bxb7 Rxb7 27. Qxb7 {Black
resigns} 1-0

[Event "Team 45 45 League T60"]
[Site "Internet Chess Club"]
[Date "2014.04.19"]
[Round "8"]
[White "medsurg"]
[Black "chesschessboy"]
[Result "0-1"]
[WhiteElo "1346"]
[BlackElo "1429"]
[Opening "QGD semi-Slav"]
[ECO "D43"]
[Time "19:30:15"]
[TimeControl "2700+45"]

1. d4 d5 2. c4 e6 3. Nf3 Nf6 4. Nc3 c6 5. Bf4 Nbd7 6. e3 Bb4 7. cxd5 Nxd5 8. Qc2
Nxf4 9. exf4 O-O 10. Bd3 Nf6 11. O-O Nd5 12. a3 Bxc3 13. bxc3 Nxf4 14. Bxh7+ Kh8
15. Ne5 f5 16. Qd2 Qg5 17. Qxf4 Qxf4 18. Ng6+ Kxh7 19. Nxf4 g5 20. Nd3 b6 21.
Ne5 Ba6 22. Rfe1 Rac8 23. Rad1 Kh6 24. Nd7 Rfd8 25. Re5 {White resigns} 0-1